 Dungeon Crawl Stone Soup version 0.18.1-8-gdd0e5ea (webtiles) character file.

186 urechis the Insei (level 5, -3/27 HPs)
             Began as a Vine Stalker Monk on May 28, 2016.
             Slain by a river rat (5 damage)
             ... on level 4 of the Dungeon.
             The game lasted 00:05:20 (2635 turns).

urechis the Insei (Vine Stalker Monk)               Turns: 2635, Time: 00:05:21

Health: -3/27      AC:  6    Str: 13      XL:     5   Next: 66%
Magic:  0/6        EV: 13    Int:  9 (10) God:
Gold:   123        SH:  0    Dex: 16 (18) Spells: 0 memorised, 4 levels left

rFire  . . .     SeeInvis .       - Unarmed
rCold  . . .     Gourm    .     a - +0 robe
rNeg   . . .     Faith    .     (no shield)
rPois  .         Spirit   +     h - +1 helmet
rElec  .         Dismiss  .     l - +0 cloak
rCorr  .         Reflect  .     k - +0 pair of gloves
SustAt .         Harm     .     (no boots)
MR     .....                    e - amulet of rage
Stlth  ++........               (no ring)
                                f - ring of wizardry

@: not resistant to hostile enchantments, unstealthy
A: fangs 2, regeneration 1, magic shield, antimagic bite, no device heal 3, rot
immunity
a: Evoke Berserk Rage


You were on level 4 of the Dungeon.
You were hungry.

You visited 1 branch of the dungeon, and saw 4 of its levels.

You collected 123 gold pieces.

Inventory:

Armour
 a - a +0 robe (worn)
 h - a +1 helmet (worn)
 k - a +0 pair of gloves (worn)
 l - a +0 cloak (worn)
Jewellery
 e - an amulet of rage (around neck)
 f - a ring of wizardry (left hand)
Wands
 n - a wand of random effects (25/48)
 p - a wand of slowing (24/48)
Scrolls
 i - a scroll of blinking {unknown}
 j - a scroll of recharging {unknown}
 r - a scroll of noise {unknown}
 s - 3 scrolls of amnesia
 t - a scroll of identify {unknown}
Potions
 d - a potion of brilliance {unknown}
 g - 2 potions of might
 m - 2 potions of magic
 u - a potion of berserk rage {unknown}
Books
 o - a book of Conjurations

   Spells                             Type                      Level
   a - Magic Dart                     Conjuration                  1
   b - Searing Ray                    Conjuration                  2
   c - Dazzling Spray                 Conjuration/Hexes            3
   d - Fulminant Prism                Conjuration/Hexes            4
   e - Iskenderun's Mystic Blast      Conjuration                  4
   f - Iskenderun's Battlesphere      Conjuration/Charms           5
Comestibles
 b - 6 bread rations
 c - a slice of pizza
 q - a beef jerky


   Skills:
 - Level 2.6 Fighting
 - Level 2.4 Dodging
 - Level 2.4 Stealth
 + Level 6.7 Unarmed Combat


You had 4 spell levels left.
You didn't know any spells.

Dungeon Overview and Level Annotations

Branches:
Dungeon (4/15)
 Temple: D:4-7

Altars:
Yredelemnul
The Shining One


Innate Abilities, Weirdness & Mutations

You have extremely sharp teeth.
Your natural rate of healing is unusually fast.
When hurt, damage is shared between your health and your magic reserves.
Your bite disrupts and absorbs the magic of your enemies.
Potions and wands cannot restore your health.
You are immune to rotting.


Message History

You barely miss the giant cockroach.
The giant cockroach completely misses you.
The river rat completely misses you.
You hit the giant cockroach. Your bite misses the giant cockroach.
The giant cockroach is severely wounded.
The giant cockroach bites you but does no damage.
You hit the giant cockroach. Your bite misses the giant cockroach.
The giant cockroach is almost dead.
The river rat barely misses you.
The giant cockroach bites you but does no damage.
You hit the giant cockroach.
You kill the giant cockroach!
The river rat bites you.
* * * LOW HITPOINT WARNING * * *
You punch the rat!
You kill the rat!
The river rat closely misses you.
You hit the rat but do no damage. Your bite misses the rat.
The river rat bites you.
You die...

#.#.# #.#.# #.#.#
########### #.#.#
#.........# #.#..
#≈≈≈......######.###
#≈...≈..............
#≈≈≈≈≈≈..###########
###@#r...#
#≈rr#≈≈≈.#
#≈.Sr≈.≈.#
#≈≈≈#≈...#
##########


You could see a river rat, a ball python and 2 rats.

Vanquished Creatures
  Crazy Yiuf (D:2)
  Robin (D:3)
  A gnoll (D:1)
  A howler monkey skeleton (D:3)
  5 adders
  A river rat (D:4)
  An ooze (D:3)
  An adder skeleton (D:4)
  A worm (D:3)
  A dart slug (D:2)
  A giant gecko (D:3)
  8 bats
  3 giant cockroaches
  11 goblins
  9 hobgoblins
  3 jackals (D:3)
  2 quokkas
  2 ball pythons (D:4)
  A giant newt (D:1)
  A jackal skeleton (D:4)
  5 kobolds
  8 rats
68 creatures vanquished.

Notes
Turn   | Place    | Note
--------------------------------------------------------------
     0 | D:1      | urechis the Vine Stalker Monk began the quest for the Orb.
     0 | D:1      | Reached XP level 1. HP: 11/11 MP: 2/2
   139 | D:1      | Reached XP level 2. HP: 16/16 MP: 3/3
   664 | D:1      | Reached XP level 3. HP: 14/19 MP: 2/4
   740 | D:2      | Reached skill level 5 in Unarmed Combat
  1138 | D:2      | Noticed Crazy Yiuf
  1153 | D:2      | Killed Crazy Yiuf
  1153 | D:2      | Reached XP level 4. HP: 8/23 MP: 1/5
  1341 | D:3      | Noticed Robin
  1369 | D:3      | Killed Robin
  1374 | D:3      | Reached skill level 6 in Unarmed Combat
  1504 | D:3      | Found a basalt altar of Yredelemnul.
  1546 | D:3      | Reached XP level 5. HP: 24/27 MP: 6/6
  1710 | D:3      | Found a glowing golden altar of the Shining One.
  1872 | D:3      | Noticed an angel
  1888 | D:3      | Noticed a profane servitor
  2617 | D:4      | Found a glowing drain.
  2635 | D:4      | Slain by a river rat

Skill      XL: |  1  2  3  4 |
---------------+-------------+-----
Unarmed Combat | 5 6 |  6.7
Fighting       | |  2.6
Dodging        | |  2.4
Stealth        | |  2.4

Action                   |  1- 3 |  4- 6 || total
-------------------------+-------+-------++-------
Melee: Unarmed           |    72 |   121 ||   193
       Bite              |    17 |    33 ||    50
       Punch             |     4 |     2 ||     6
  Use: Potion            |       |     5 ||     5
       Scroll            |       |     2 ||     2
 Stab: Sleeping          |     9 |     4 ||    13
  Eat: Chunk             |     1 |     4 ||     5
Armor: Robe              |     6 |    48 ||    54
Dodge: Dodged            |    36 |    68 ||   104
